 Dungeon Crawl Stone Soup version 0.16.0-6-gad6103a (webtiles) character file.

484 Palladion the Ducker (level 7, -21/50 HPs)
             Began as an Octopode Berserker on Mar 16, 2015.
             Was a Priest of Trog.
             Demolished by an orc warrior
             ... wielding a +0 dire flail
              (28 damage)
             ... on level 4 of the Dungeon.
             The game lasted 00:06:12 (2438 turns).

Palladion the Ducker (Octopode Berserker)           Turns: 2438, Time: 00:06:12

Health: -21/50     AC:  2    Str: 19    XL:     7   Next: 12%
Magic:  0/7        EV: 14    Int:  9    God:    Trog [***...]
Gold:   162        SH:  0    Dex: 11    Spells: 0 memorised, 6 levels left

rFire  . . .     SeeInvis .     n - +0 war axe
rCold  . . .     Clarity  .     (no shield)
rNeg   . . .     SustAb   .     o - +1 hat
rPois  .         Gourm    .     k - amulet of guardian spirit
rElec  .         Spirit   +     (no ring)
rCorr  .         Warding  .     (no ring)
rMut   .         Stasis   .     (no ring)
MR     .....                    (no ring)
Stlth  +++.......               (no ring)
                                (no ring)
                                (no ring)
                                (no ring)

@: not resistant to hostile enchantments, fairly stealthy
A: almost no armour, amphibious, 8 rings, constrict 8, camouflage 1, gelatinous
body 1
a: Burn Spellbooks, Berserk, Trog's Hand, Renounce Religion


You were on level 4 of the Dungeon.
You worshipped Trog.
Trog was most pleased with you.
You were very hungry.

You visited 1 branch of the dungeon, and saw 4 of its levels.

You collected 162 gold pieces.

Inventory:

Hand weapons
 a - a +0 hand axe
 n - a +0 war axe (weapon)
 t - a +2 whip of electrocution
Missiles
 j - 7 javelins (quivered)
 m - 5 tomahawks
Armour
 o - a +1 hat (worn)
Jewellery
 k - an amulet of guardian spirit (around mantle)
Magical devices
 u - a wand of draining (7)
 w - a wand of digging (11)
Scrolls
 d - 5 scrolls of teleportation {unknown}
 h - 3 scrolls of identify {unknown}
 p - 3 scrolls of remove curse {unknown}
 r - 2 scrolls of immolation {unknown}
Potions
 e - 2 potions of curing {unknown}
 f - a potion of invisibility {unknown}
 i - 2 potions of agility {unknown}
 l - a potion of ambrosia {unknown}
 s - a potion of heal wounds {unknown}
 v - a potion of poison {unknown}
Comestibles
 c - 3 bread rations
 g - a beef jerky
 q - 2 meat rations


   Skills:
 + Level 5.2 Fighting
 + Level 4.7 Axes
 + Level 5.3 Dodging
 - Level 1.1 Stealth


You had 6 spell levels left.
You didn't know any spells.

Dungeon Overview and Level Annotations

Branches:
Dungeon (4/15)
 Temple: D:4-7

Altars:
Fedhas
Xom


Innate Abilities, Weirdness & Mutations

You cannot wear most types of armour.
You are amphibious.
You can wear up to eight rings at the same time.
You can use your tentacles to constrict many enemies at once.
Your skin changes colour to match your surroundings (Stealth).
Your rubbery body absorbs attacks (AC +1).


Message History

You constrict the orc warrior, but do no damage.
The orc warrior completely misses you.
You hit the orc warrior but do no damage.
You constrict the orc warrior.
The orc warrior hits you with a dire flail!!
Ouch! That really hurt!
You hit the orc warrior but do no damage.
The orc warrior is moderately wounded.
You constrict the orc warrior.
The orc warrior hits you with a dire flail!
* * * LOW HITPOINT WARNING * * *
You hit the orc warrior.
The orc warrior is moderately wounded.
You constrict the orc warrior. The orc warrior closely misses you.
You hit the orc warrior.
The orc warrior is severely wounded.
You constrict the orc warrior.
The orc warrior hits you with a dire flail!!
Ouch! That really hurt!
You die...

###.# #.....#### #.(.
#......... ...
###.#.#### ...
#[)#.#### #.#
#.##.##.. #.#
#.##.##.#
#.#######.##[##.#
######.......#.##.....
#...o@†.####.)..#.##.#
.[......##.#
#.#..#.##.# ###.##.
#.# #.........# # #.
#.# ####.#.#### ## #.#
##.#..... # #.#
#...##### .. ..# #...#
#.### #...# . ..(
#...#


You could see an orc warrior.

Vanquished Creatures
  An ogre (D:4)
  2 giant frogs
  An orc priest (D:4)
  2 orc wizards (D:3)
  A worker ant (D:4)
  Jessica (D:3)
  A hound skeleton (D:4)
  4 adders
  2 giant mites (D:4)
  3 worms
  A giant gecko (D:3)
  10 orcs
  A ball python (D:1)
  4 bats
  4 giant cockroaches
  6 goblins
  10 hobgoblins
  5 kobolds
  4 giant newts
  A quokka (D:2)
  5 rats
69 creatures vanquished.

Notes
Turn   | Place    | Note
--------------------------------------------------------------
     0 | D:1      | Palladion, the Octopode Berserker, began the quest for the Orb.
     0 | D:1      | Reached XP level 1. HP: 16/16 MP: 1/1
   107 | D:1      | Reached XP level 2. HP: 17/21 MP: 2/2
   769 | D:2      | Reached XP level 3. HP: 26/26 MP: 3/3
  1050 | D:2      | Reached XP level 4. HP: 31/33 MP: 4/4
  1095 | D:2      | Acquired Trog's second power
  1304 | D:3      | Noticed a giant frog
  1308 | D:3      | Killed a giant frog
  1308 | D:3      | Reached skill level 4 in Fighting
  1308 | D:3      | Reached skill level 1 in Stealth
  1308 | D:3      | Reached XP level 5. HP: 32/37 MP: 5/5
  1352 | D:3      | Noticed Jessica
  1364 | D:3      | Killed Jessica
  1646 | D:3      | Found a shimmering altar of Xom.
  1882 | D:3      | Found a blossoming altar of Fedhas.
  2014 | D:4      | Reached XP level 6. HP: 44/44 MP: 6/6
  2242 | D:4      | Reached skill level 5 in Dodging
  2298 | D:4      | Noticed an ogre
  2327 | D:4      | Killed an ogre
  2327 | D:4      | Reached skill level 5 in Fighting
  2327 | D:4      | Reached XP level 7. HP: 39/50 MP: 4/7
  2427 | D:4      | Noticed an orc warrior
  2438 | D:4      | Demolished by an orc warrior

Action                   |  1- 3 |  4- 6 |  7- 9 || total
-------------------------+-------+-------+-------++-------
Melee: Hand axe          |    30 |       |       ||    30
       War axe           |    18 |    70 |    16 ||   104
Invok: Berserk           |       |     1 |       ||     1
 Stab: Sleeping          |     2 |     8 |       ||    10
  Eat: Chunk             |       |     3 |       ||     3
       Pizza             |       |     1 |       ||     1
